ESL (28 & UNDER)
BUFFALO LIGHTSABRES @ KINGSTON IGUANAS
04/21/2026
 
TOP OF THE 1ST
Buffalo LightSabres batting - Pitching for Kingston Iguanas : RHP Sid Allen
Pitching: RHP Sid Allen
Batting: LHB Lucas Coleman 0-0: Ball
1-0: Foul Ball, location: 2F
1-1: Ground out 4-3 (Groundball, 34)
Batting: RHB Keith Sims 0-0: Swinging Strike
0-1: Fly out, F8 (Flyball, 6MD)
Batting: RHB Peter Dixon 0-0: Called Strike
0-1: Ball
1-1: Swinging Strike
1-2: SINGLE (Groundball, 4M)
Batting: RHB José Pérez 0-0: Called Strike
0-1: Ball
1-1: Ball
2-1: Foul Ball, location: 2F
2-2: Strikes out swinging
Top of the 1st over - 0 run(s), 1 hit(s), 0 error(s), 1 left on base; Buffalo 0 - Kingston 0
BOTTOM OF THE 1ST
Kingston Iguanas batting - Pitching for Buffalo LightSabres : RHP Nick Thompson
Pitching: RHP Nick Thompson
Batting: LHB Juan Romero 0-0: SINGLE (Groundball, 56D) (infield hit)
Batting: LHB Poto Vasilini 0-0: SINGLE (Line Drive, 78S)
Juan Romero to second
Batting: LHB Mike Godfrey 0-0: Called Strike
0-1: Ball
1-1: Foul Ball, location: 2F
1-2: Ball
2-2: Strikes out swinging
Batting: RHB Luis Aguilar 0-0: Called Strike
0-1: Ball
1-1: Foul Ball, location: 2F
1-2: Strikes out swinging
Batting: LHB Bob Greene 0-0: Swinging Strike
0-1: Ball
1-1: Swinging Strike
1-2: SINGLE (Line Drive, 89S)
Juan Romero to third
Poto Vasilini to second
Batting: RHB Diego Francisco 0-0: Ball
1-0: Foul Ball, location: 2F
1-1: Ball
2-1: Ball
3-1: Foul Ball, location: 2F
3-2: SINGLE (Groundball, 5D)
Juan Romero scores
Poto Vasilini to third
Bob Greene to second
Poto Vasilini scores
Bob Greene to third
Batting: LHB Tom Young 0-0: Fly out, F8 (Flyball, 8LD)
Bottom of the 1st over - 2 run(s), 4 hit(s), 0 error(s), 2 left on base; Buffalo 0 - Kingston 2
TOP OF THE 2ND
Buffalo LightSabres batting - Pitching for Kingston Iguanas : RHP Sid Allen
Batting: LHB Chris Loudermilk 0-0: Ball
1-0: Ball
2-0: Ball
3-0: Called Strike
3-1: Swinging Strike
3-2: Base on Balls
Batting: LHB Craig Kenney 0-0: Called Strike
0-1: Ball
1-1: Called Strike
1-2: Ball
2-2: Ball
3-2: Base on Balls
Chris Loudermilk to second
Batting: RHB Naomi Kitamura 0-0: Ball
1-0: Called Strike
1-1: Ball
2-1: Foul Ball, location: 2F
2-2: Ball
3-2: Foul Ball, location: 2F
3-2: Foul Ball, location: 2F
3-2: Strikes out looking
Batting: RHB Francisco Gallegos 0-0: Called Strike
0-1: Called Strike
0-2: Ball
1-2: Fly out, F4 (Popup, 4MD)
Batting: LHB Sixto Cortés 0-0: Ball
1-0: Ball
2-0: SINGLE (Groundball, 34S)
Chris Loudermilk to third
Craig Kenney to second
Runner from 3rd tries for Home, SAFE, no throw or cutoff
Batting: LHB Lucas Coleman 0-0: Fly out, F8 (Line Drive, 8RM)
Top of the 2nd over - 1 run(s), 1 hit(s), 0 error(s), 2 left on base; Buffalo 1 - Kingston 2
BOTTOM OF THE 2ND
Kingston Iguanas batting - Pitching for Buffalo LightSabres : RHP Nick Thompson
Batting: RHB Ken MacDonald 0-0: Ball
1-0: Swinging Strike
1-1: Ball
2-1: Called Strike
2-2: Ball
3-2: Strikes out swinging
Batting: LHB Will Holt 0-0: Ball
1-0: Ball
2-0: Foul Ball, location: 2F
2-1: Ball
3-1: Base on Balls
Batting: LHB Juan Romero 0-0: Fielders Choice at 2nd, 1-6 (Groundball, 13)
Batting: LHB Poto Vasilini 0-0: Foul Ball, location: 2F
0-1: Ball
1-1: Fly out, F8 (Flyball, 8LM)
Bottom of the 2nd over - 0 run(s), 0 hit(s), 0 error(s), 1 left on base; Buffalo 1 - Kingston 2
TOP OF THE 3RD
Buffalo LightSabres batting - Pitching for Kingston Iguanas : RHP Sid Allen
Batting: RHB Keith Sims 0-0: Ball
1-0: Swinging Strike
1-1: Ground out 5-3 (Groundball, 5)
Batting: RHB Peter Dixon 0-0: Called Strike
0-1: Ball
1-1: Foul Ball, location: 2F
1-2: Ground out 6-3 (Groundball, 6)
Batting: RHB José Pérez 0-0: Foul Ball, location: 2F
0-1: Ground out 5-3 (Groundball, 5S)
Top of the 3rd over - 0 run(s), 0 hit(s), 0 error(s), 0 left on base; Buffalo 1 - Kingston 2
BOTTOM OF THE 3RD
Kingston Iguanas batting - Pitching for Buffalo LightSabres : RHP Nick Thompson
Batting: LHB Mike Godfrey 0-0: Called Strike
0-1: Swinging Strike
0-2: Ball
1-2: Foul Ball, location: 2F
1-2: Ball
2-2: Ball
3-2: Strikes out swinging
Batting: RHB Luis Aguilar 0-0: Ground out 6-3 (Groundball, 6)
Batting: LHB Bob Greene 0-0: Called Strike
0-1: Foul Ball, location: 2F
0-2: Ground out 4-3 (Groundball, 4)
Bottom of the 3rd over - 0 run(s), 0 hit(s), 0 error(s), 0 left on base; Buffalo 1 - Kingston 2
TOP OF THE 4TH
Buffalo LightSabres batting - Pitching for Kingston Iguanas : RHP Sid Allen
Batting: LHB Chris Loudermilk 0-0: Foul Ball, location: 2F
0-1: Ball
1-1: SINGLE (Flyball, 89S)
Batting: LHB Craig Kenney 0-0: Called Strike
0-1: Foul Ball, location: 2F
0-2: SINGLE (Line Drive, 8LS)
Chris Loudermilk to second
Batting: RHB Naomi Kitamura 0-0: Ball
1-0: Called Strike
1-1: Ball
2-1: Ball
3-1: Called Strike
3-2: Base on Balls
Chris Loudermilk to third
Craig Kenney to second
Batting: RHB Francisco Gallegos 0-0: Ball
1-0: Swinging Strike
1-1: Ball
2-1: SINGLE (Flyball, 9LS)
Chris Loudermilk scores
Craig Kenney to third
Naomi Kitamura to second
Runner from 3rd tries for Home, SAFE, no throw or cutoff
Batting: LHB Sixto Cortés 0-0: Grounds into double play, 3-6-1 (Groundball, 3)
Naomi Kitamura to third
Batting: LHB Lucas Coleman 0-0: Called Strike
0-1: Called Strike
0-2: Ball
1-2: Strikes out looking
Top of the 4th over - 2 run(s), 3 hit(s), 0 error(s), 1 left on base; Buffalo 3 - Kingston 2
BOTTOM OF THE 4TH
Kingston Iguanas batting - Pitching for Buffalo LightSabres : RHP Nick Thompson
Batting: RHB Diego Francisco 0-0: Called Strike
0-1: SINGLE (Line Drive, 8LS)
Batting: LHB Tom Young 0-0: Called Strike
0-1: Swinging Strike
0-2: Foul Ball, location: 2F
0-2: Ball
1-2: Foul Ball, location: 2F
1-2: Foul Ball, location: 2F
1-2: Strikes out looking
Batting: RHB Ken MacDonald 0-0: Ball
1-0: Ball
2-0: Ball
3-0: Base on Balls
Diego Francisco to second
Batting: LHB Will Holt 0-0: Ball
1-0: Called Strike
1-1: Ball
2-1: Called Strike
2-2: Ground out 4-3 (Groundball, 4MD)
Diego Francisco to third
Ken MacDonald to second
Batting: LHB Juan Romero 0-0: Ball
1-0: Foul Ball, location: 2F
1-1: SINGLE (Line Drive, 89S)
Diego Francisco scores
Ken MacDonald to third
Runner from 3rd tries for Home, SAFE, no throw or cutoff
Batting: LHB Poto Vasilini 0-0: Swinging Strike
0-1: Called Strike
0-2: Ball
1-2: Ball
2-2: Ball
3-2: Base on Balls
Juan Romero to second
Pitching: RHP Travis Whitney
Batting: LHB Mike Godfrey 0-0: SINGLE (Line Drive, 8RS)
Juan Romero to third
Poto Vasilini to second
Batting: RHB Luis Aguilar 0-0: Called Strike
0-1: Ball
1-1: Ball
2-1: DOUBLE (Line Drive, 7LS)
Juan Romero scores
Poto Vasilini scores
Mike Godfrey to third
Batting: LHB Bob Greene 0-0: Ball
1-0: Ball
2-0: 3-RUN HOME RUN (Flyball, 7D), Distance : 374 ft
Batting: RHB Diego Francisco 0-0: Ball
1-0: Ground out 4-3 (Groundball, 4)
Bottom of the 4th over - 7 run(s), 5 hit(s), 0 error(s), 0 left on base; Buffalo 3 - Kingston 9
TOP OF THE 5TH
Buffalo LightSabres batting - Pitching for Kingston Iguanas : RHP Sid Allen
Batting: RHB Keith Sims 0-0: Ball
1-0: Ball
2-0: Called Strike
2-1: DOUBLE (Flyball, 8RXD)
Batting: RHB Peter Dixon 0-0: Called Strike
0-1: Ball
1-1: DOUBLE (Flyball, 9D)
Keith Sims scores
Batting: RHB José Pérez 0-0: Fly out, F6 (Popup, 4MD)
Batting: LHB Chris Loudermilk 0-0: Ground out 5-3 (Groundball, 5L)
Batting: LHB Craig Kenney 0-0: Ball
1-0: Ball
2-0: Fly out, F7 (Flyball, 7S)
Top of the 5th over - 1 run(s), 2 hit(s), 0 error(s), 1 left on base; Buffalo 4 - Kingston 9
BOTTOM OF THE 5TH
Kingston Iguanas batting - Pitching for Buffalo LightSabres : RHP Travis Whitney
Batting: LHB Tom Young 0-0: Foul Ball, location: 2F
0-1: Ball
1-1: Ball
2-1: Ball
3-1: Called Strike
3-2: Foul Ball, location: 2F
3-2: Strikes out swinging
Batting: RHB Ken MacDonald 0-0: Foul Ball, location: 2F
0-1: Called Strike
0-2: Ball
1-2: Foul Ball, location: 2F
1-2: Ground out 6-3 (Groundball, 6M)
Batting: LHB Will Holt 0-0: Ball
1-0: Ball
2-0: SINGLE (Line Drive, 8LS)
Batting: LHB Juan Romero 0-0: DOUBLE (Line Drive, 78M)
Will Holt to third
Runner from 3rd tries for Home, SAFE, no throw or cutoff
Pitching: RHP Brian Smith
Batting: LHB Poto Vasilini 0-0: Ball
1-0: Foul Ball, location: 2F
1-1: Swinging Strike
1-2: Ball
2-2: Foul Ball, location: 2F
2-2: Fly out, F7 (Flyball, 7LS)
Bottom of the 5th over - 1 run(s), 2 hit(s), 0 error(s), 1 left on base; Buffalo 4 - Kingston 10
TOP OF THE 6TH
Buffalo LightSabres batting - Pitching for Kingston Iguanas : RHP Sid Allen
Batting: RHB Naomi Kitamura 0-0: Swinging Strike
0-1: Foul Ball, location: 2F
0-2: Strikes out swinging
Batting: RHB Francisco Gallegos 0-0: Ball
1-0: Called Strike
1-1: Ball
2-1: Ball
3-1: Foul Ball, location: 2F
3-2: Strikes out swinging
Batting: LHB Sixto Cortés 0-0: Called Strike
0-1: Foul Ball, location: 2F
0-2: SINGLE (Groundball, 56)
Pitching: RHP Vic Bradshaw
Batting: LHB Lucas Coleman Single, Error in OF, E8, batter to second base
Sixto Cortés to third
Batting: RHB Keith Sims 0-0: Called Strike
0-1: Ball
1-1: Swinging Strike
1-2: Strikes out swinging
Top of the 6th over - 0 run(s), 2 hit(s), 1 error(s), 2 left on base; Buffalo 4 - Kingston 10
BOTTOM OF THE 6TH
Kingston Iguanas batting - Pitching for Buffalo LightSabres : RHP Brian Smith
Batting: LHB Mike Godfrey 0-0: Swinging Strike
0-1: Called Strike
0-2: Ball
1-2: SINGLE (Flyball, 6MD)
Batting: RHB Luis Aguilar 0-0: Ball
1-0: Swinging Strike
1-1: Ball
2-1: Ball
3-1: Base on Balls
Mike Godfrey to second
Batting: LHB Bob Greene 0-0: Fly out, F5 (Popup, 56)
Batting: RHB Diego Francisco 0-0: Ball
1-0: Ball
2-0: Ball
3-0: Base on Balls
Mike Godfrey to third
Luis Aguilar to second
Batting: LHB Tom Young 0-0: Ball
1-0: Ball
2-0: Called Strike
2-1: Foul Ball, location: 2F
2-2: Fly out, F8 (Flyball, 8RM)
Runner from 3rd tags up, SCORES, no throw
Batting: RHB Ken MacDonald 0-0: Swinging Strike
0-1: Ball
1-1: Foul Ball, location: 2F
1-2: Foul Ball, location: 2F
1-2: Fly out, F9 (Flyball, 9M)
Bottom of the 6th over - 1 run(s), 1 hit(s), 0 error(s), 2 left on base; Buffalo 4 - Kingston 11
TOP OF THE 7TH
Buffalo LightSabres batting - Pitching for Kingston Iguanas : RHP Vic Bradshaw
Batting: RHB Peter Dixon 0-0: Swinging Strike
0-1: Called Strike
0-2: Ball
1-2: DOUBLE (Flyball, 8RXD)
Batting: RHB José Pérez 0-0: Ball
1-0: Called Strike
1-1: SINGLE (Groundball, 6S) (infield hit)
Peter Dixon to third
Pinch Runner at 1st Sergio Luna:
Batting: LHB Chris Loudermilk 0-0: Swinging Strike
0-1: Foul Ball, location: 2F
0-2: Strikes out swinging
Batting: LHB Craig Kenney 0-0: Called Strike
0-1: Ball
1-1: Swinging Strike
1-2: Strikes out swinging
Batting: RHB Naomi Kitamura 0-0: Ball
1-0: Called Strike
1-1: Foul Ball, location: 2F
1-2: Strikes out swinging
Top of the 7th over - 0 run(s), 2 hit(s), 0 error(s), 2 left on base; Buffalo 4 - Kingston 11
BOTTOM OF THE 7TH
Kingston Iguanas batting - Pitching for Buffalo LightSabres : RHP Brian Smith
Now in RF: Sergio Luna
Batting: LHB Will Holt 0-0: Foul Ball, location: 2F
0-1: Ball
1-1: Foul Ball, location: 2F
1-2: Foul Ball, location: 2F
1-2: Ball
2-2: Ball
3-2: Base on Balls
Batting: LHB Juan Romero 0-0: Fly out, F5 (Popup, 5SF)
Batting: LHB Poto Vasilini 0-0: Swinging Strike
0-1: Called Strike
0-2: Foul Ball, location: 2F
0-2: Strikes out swinging
Batting: LHB Mike Godfrey 0-0: Ball
1-0: Called Strike
1-1: Fly out, F8 (Flyball, 78S)
Bottom of the 7th over - 0 run(s), 0 hit(s), 0 error(s), 1 left on base; Buffalo 4 - Kingston 11
TOP OF THE 8TH
Buffalo LightSabres batting - Pitching for Kingston Iguanas : RHP Vic Bradshaw
Batting: RHB Francisco Gallegos 0-0: Ball
1-0: Swinging Strike
1-1: Swinging Strike
1-2: Ball
2-2: Strikes out swinging
Batting: LHB Sixto Cortés 0-0: Ball
1-0: Ball
2-0: Swinging Strike
2-1: Ball
3-1: Foul Ball, location: 2F
3-2: Base on Balls
Batting: LHB Lucas Coleman 0-0: Foul Ball, location: 2F
0-1: Called Strike
0-2: SINGLE (Groundball, 34D)
Sixto Cortés to second
Runner from 2nd tries for 3rd, SAFE, no throw or cutoff
Batting: RHB Keith Sims 0-0: Ball
1-0: Fly out, F8 (Flyball, 8RD)
Runner from 3rd tags up, SCORES, no throw
Batting: RHB Peter Dixon 0-0: Fielders Choice at 2nd, U4 (Groundball, 4M)
Top of the 8th over - 1 run(s), 1 hit(s), 0 error(s), 1 left on base; Buffalo 5 - Kingston 11
BOTTOM OF THE 8TH
Kingston Iguanas batting - Pitching for Buffalo LightSabres : RHP Brian Smith
Pitching: RHP Pat Monroe
Batting: RHB Luis Aguilar 0-0: Ball
1-0: Swinging Strike
1-1: Ball
2-1: Ball
3-1: Ground out 5-3 (Groundball, 6S)
Batting: LHB Bob Greene 0-0: Ball
1-0: SOLO HOME RUN (Line Drive, 78D), Distance : 394 ft
Batting: RHB Diego Francisco 0-0: Ball
1-0: Ball
2-0: Ball
3-0: Base on Balls
Batting: LHB Tom Young 0-0: Ball
1-0: Ball
2-0: Called Strike
2-1: Ball
3-1: Grounds into double play, 4-6-3 (Groundball, 4)
Bottom of the 8th over - 1 run(s), 1 hit(s), 0 error(s), 0 left on base; Buffalo 5 - Kingston 12
TOP OF THE 9TH
Buffalo LightSabres batting - Pitching for Kingston Iguanas : RHP Vic Bradshaw
Now in CF: Mike Johnson
Now in RF: Steve Davis
Batting: LHB Sergio Luna 0-0: Ball
1-0: Ball
2-0: Ball
3-0: Called Strike
3-1: Base on Balls
Batting: LHB Chris Loudermilk 0-0: SINGLE (Flyball, 8LS)
Sergio Luna to second
Batting: LHB Craig Kenney 0-0: Called Strike
0-1: Swinging Strike
0-2: Ball
1-2: Strikes out swinging
Pitching: RHP José Pérez
Batting: RHB Naomi Kitamura 0-0: Swinging Strike
0-1: Ball
1-1: Ball
2-1: Grounds into double play, 5-4-3 (Groundball, 5)
Top of the 9th over - 0 run(s), 1 hit(s), 0 error(s), 1 left on base; Buffalo 5 - Kingston 12
Monday, December 5th, 2016 - OOTP Baseball 17.12 Build 75